 Dungeon Crawl Stone Soup version 0.31-a0-986-g5e6e4ef867 (webtiles) character file.

Game seed: 14492259737449265973

2072 strifetoe the Thaumaturge (level 9, -9/63 HPs)
             Began as a Djinni Earth Elementalist on Nov 12, 2023.
             Mangled by a two-headed ogre
             ... wielding a +0 giant club
              (17 damage)
             ... on level 7 of the Dungeon.
             The game lasted 00:13:54 (5678 turns).

strifetoe the Thaumaturge (DjEE)                    Turns: 5678, Time: 00:13:54

Health: -9/63      AC:  6    Str: 13    XL:     9   Next: 50%
Gold:   493        EV: 13    Int: 21    God:
                   SH:  0    Dex: 14

rFire   + + +        v - +2 short sword (elec)
rCold   x . .        (no shield)
rNeg    . . .        b - +3 leather armour {rF+}
rPois   ∞            (no helmet)
rElec   .            (no cloak)
rCorr   .            (no gloves)
SInv    .            (boots unavailable)
Will    .....        r - amulet of regeneration
Stlth   ++           g - ring of protection from fire
HPRegen 1.10/turn    n - +6 ring of strength
MPRegen 0.00/turn

%: infuse magic (-10 HP)
@: flying
A: sickness immunity, fire resistance 2, cold vulnerability 1, float, innate
caster, HP casting, extra vitality 1
a: no special abilities


You were on level 7 of the Dungeon.
You visited 1 branch of the dungeon, and saw 7 of its levels.
You also visited: Ossuary.

You collected 493 gold pieces.

Inventory:

Hand Weapons
 v - a +2 short sword of electrocution (weapon)
Missiles
 z - a throwing net
Armour
 a - a +0 robe
 b - a +3 leather armour of fire resistance (worn)
Jewellery
 g - a ring of protection from fire (left hand)
 k - a ring of fire
 m - an amulet of reflection
 n - a +6 ring of strength (right hand)
 r - an amulet of regeneration (around neck)
Wands
 w - a wand of iceblast (7)
Scrolls
 d - a scroll of poison
 h - 6 scrolls of teleportation
 s - a scroll of fog
 y - a scroll of enchant weapon
Potions
 c - 2 potions of heal wounds
 e - 3 potions of attraction
 f - 4 potions of haste
 i - 2 potions of cancellation {unknown}
 j - 3 potions of magic
 l - 2 potions of mutation
 o - a potion of lignification {unknown}
 p - 2 potions of enlightenment {unknown}
 q - 2 potions of brilliance {unknown}
 t - a potion of berserk rage {unknown}
 u - 2 potions of resistance {unknown}
 x - 3 potions of curing
 A - a potion of might {unknown}


   Skills:
 + Level 4.3 Fighting
 + Level 0.8 Short Blades
 - Level 5.0 Dodging
 - Level 1.5 Stealth
 + Level 8.1 Spellcasting
 + Level 8.1 Conjurations
 + Level 8.1 Hexes
   Level 0.0 Charms
 + Level 8.1 Summonings
 + Level 8.1 Necromancy
 + Level 8.1 Translocations
 + Level 8.1 Transmutations
 + Level 8.1 Fire Magic
 + Level 8.1 Ice Magic
 + Level 8.1 Air Magic
 + Level 8.1 Earth Magic
 + Level 8.1 Poison Magic


You knew the following spells:

 Your Spells              Type           Power      Damage    Failure   Level
a - Sandblast             Erth           84%        2d18      1%          1
b - Passwall              Tmut/Erth      35%        N/A       1%          2
c - Stone Arrow           Conj/Erth      84%        3d12      1%          3
d - Petrify               Tmut/Erth      42%        N/A       3%          4
e - Brom's Barrelling Bo  Conj/Erth      42%        2d6       3%          4
f - Sting                 Tmut/Pois      100%       1d8       1%          1
g - Lesser Beckoning      Tloc           84%        N/A       1%          2
h - Static Discharge      Conj/Air       84%        3-7/arc   1%          2
i - Flame Wave            Conj/Fire      42%        2d11      3%          4
Your spell library was empty.

Dungeon Overview and Level Annotations

Branches:
Dungeon (7/15)            Ossuary (visited)
 Temple: D:4-7

Altars:
Elyvilon
Gozag
Nemelex Xobeh
Qazlal
Xom

Shops:
D:3 [


Innate Abilities, Weirdness & Mutations

You are immune to sickness and miasma.
You are immune to poison.
Your flesh is very heat resistant. (rF++)
You are vulnerable to cold. (rC-)
You float through the air rather than walking.
You learn spells naturally, not from books.
Your magical power is your life essence.
You have superior vitality. (+4 MHP)


Message History

The two-headed ogre is moderately wounded.
The helpless two-headed ogre fails to defend itself.
You hit the two-headed ogre.
The two-headed ogre is moderately wounded.
The helpless two-headed ogre fails to defend itself.
You puncture the two-headed ogre!
The two-headed ogre is moderately wounded.
The helpless two-headed ogre fails to defend itself.
You hit the two-headed ogre.
The two-headed ogre is moderately wounded.
The two-headed ogre is no longer petrified.
The two-headed ogre hits you but does no damage.
The two-headed ogre hits you with a +0 giant spiked club!
You hit the two-headed ogre.
The two-headed ogre is heavily wounded.
You hit the two-headed ogre. You punch the two-headed ogre.
The two-headed ogre is heavily wounded.
The two-headed ogre hits you with a +0 giant club.
The two-headed ogre hits you with a +0 giant spiked club!
Unknown command.
Casting: Petrify (dangerous; 3% risk of failure)
Confirm with . or Enter, or press ? or * to list all spells.
Aiming: Sandblast (safe; 1% risk of failure)
Press: ? - help, Shift-Dir - straight line, f/p - two-headed ogre
Aim: a two-headed ogre, wielding a +0 giant club and a +0 giant spiked club (heavily wounded, 93% to hit)
The blast of sand hits the two-headed ogre.
The two-headed ogre is heavily wounded.
The two-headed ogre hits you with a +0 giant club!!
* * * LOW HITPOINT WARNING * * *
The two-headed ogre closely misses you.
Casting: Sandblast (safe; 1% risk of failure)
Confirm with . or Enter, or press ? or * to list all spells.
Aiming: Stone Arrow (safe; 1% risk of failure)
Press: ? - help, Shift-Dir - straight line, f/p - two-headed ogre
Aim: a two-headed ogre, wielding a +0 giant club and a +0 giant spiked club (heavily wounded, 89% to hit)
The stone arrow hits the two-headed ogre.
The two-headed ogre is heavily wounded.
* * * LOW HITPOINT WARNING * * *
The two-headed ogre hits you with a +0 giant club!
You die...

#.######### #.#........
### #.#........ +>#
#.#....)...
+.###.#........
#...#.#........
#.#.#...O......
#......@.......
###++####.#.##.......##
..........#..........#
........#.####......##
........#.# ###.####
........#.# .#
...######.# ## .. #.# .
#.# #############


You could see a two-headed ogre.

Vanquished Creatures
  Grinder (D:3)
  A wraith (Ossuary)
  2 water moccasins (D:7)
  An ice beast (D:6)
  The ghost of arvidsem the Covered, an amateur MiFi (D:4)
  A sky beast (D:6)
  A centaur (D:5)
  An elf zombie (D:5)
  2 bullfrogs
  A scorpion (D:5)
  3 water moccasin zombies (Ossuary)
  2 howler monkeys
  2 centaur zombies (Ossuary)
  A bullfrog zombie (Ossuary)
  4 hounds
  A jelly (D:6)
  An orc priest (D:3)
  A human skeleton (D:5)
  A sleepcap (D:6)
  3 iguanas
  A scorpion zombie (Ossuary)
  An ogre zombie (Ossuary)
  Robin (D:3)
  A gnoll (D:1)
  7 adders
  A shadow imp (D:6)
  An adder zombie (Ossuary)
  3 worms
  A dart slug (D:1)
  12 orcs
  6 ball pythons
  7 bats
  6 endoplasms
  4 giant cockroaches
  6 gnoll zombies (Ossuary)
  19 goblins
  14 hobgoblins
  9 jackals
  4 quokkas
  3 frilled lizards
  6 hobgoblin zombies (Ossuary)
  5 kobolds
  2 orc skeletons (D:5)
  5 orc zombies
  10 rats
166 creatures vanquished.

Notes
Turn   | Place    | Note
-------+----------+-------------------------------------------
     0 | D:1      | strifetoe the Djinni Earth Elementalist began the quest for
                  | the Orb.
     0 | D:1      | strifetoe set off with the following spells memorised:
                  | Sandblast, Passwall, Stone Arrow, Petrify, Brom's
                  | Barrelling Boulder.
     0 | D:1      | Reached XP level 1. HP: 15/15 MP: 0/0
    62 | D:1      | Reached XP level 2. HP: 18/21 MP: 0/0
   185 | D:1      | Found a faded altar of an unknown god.
   260 | D:1      | Reached XP level 3. HP: 16/25 MP: 0/0
   260 | D:1      | Learned a level 1 spell: Sting
   812 | D:2      | Reached XP level 4. HP: 31/31 MP: 0/0
  1834 | D:3      | Found Peheycod's Antique Armour Emporium.
  1841 | D:3      | Reached XP level 5. HP: 35/35 MP: 0/0
  1841 | D:3      | Learned a level 2 spell: Lesser Beckoning
  2030 | D:3      | Noticed Robin
  2043 | D:3      | Killed Robin
  2191 | D:3      | Reached skill level 5 in Spellcasting
  2191 | D:3      | Reached skill level 5 in Conjurations
  2191 | D:3      | Reached skill level 5 in Hexes
  2191 | D:3      | Reached skill level 5 in Summonings
  2191 | D:3      | Reached skill level 5 in Necromancy
  2191 | D:3      | Reached skill level 5 in Translocations
  2191 | D:3      | Reached skill level 5 in Transmutations
  2191 | D:3      | Reached skill level 5 in Fire Magic
  2191 | D:3      | Reached skill level 5 in Ice Magic
  2191 | D:3      | Reached skill level 5 in Air Magic
  2191 | D:3      | Reached skill level 5 in Earth Magic
  2191 | D:3      | Reached skill level 5 in Poison Magic
  2251 | D:3      | Reached XP level 6. HP: 38/40 MP: 0/0
  2256 | D:3      | Noticed Grinder
  2264 | D:3      | Killed Grinder
  2265 | D:3      | Reached XP level 7. HP: 30/45 MP: 0/0
  2265 | D:3      | Learned a level 2 spell: Static Discharge
  2319 | D:3      | Found a shimmering altar of Xom.
  2897 | D:4      | Found a sparkling altar of Nemelex Xobeh.
  2943 | D:4      | Found a white marble altar of Elyvilon.
  3038 | D:4      | Found a runed translucent gate.
  3039 | D:4      | Found a runed translucent gate.
  3039 | D:4      | Found a runed translucent gate.
  3040 | D:4      | Found an opulent altar of Gozag.
  3044 | D:4      | Noticed arvidsem's ghost (amateur MiFi)
  3375 | D:4      | Killed arvidsem's ghost
  3510 | D:5      | Entered Level 5 of the Dungeon
  3530 | D:5      | Reached XP level 8. HP: 43/50 MP: 0/0
  3742 | D:5      | Found a sand-covered staircase.
  3755 | Ossuary  | Entered an ossuary
  4148 | Ossuary  | Noticed a wraith
  4155 | Ossuary  | Killed a wraith
  4156 | Ossuary  | Reached XP level 9. HP: 49/58 MP: 0/0
  4156 | Ossuary  | Learned a level 4 spell: Flame Wave
  4159 | Ossuary  | Noticed a silent spectre
  5335 | D:6      | Reached skill level 5 in Dodging
  5556 | D:7      | Found a stormy altar of Qazlal.
  5662 | D:7      | Noticed a two-headed ogre
  5678 | D:7      | Mangled by a two-headed ogre

Illustrated notes

Levels and vault maps discovered:
D:1:      dpeg_arrival_tiny_f, layout_basic, serial_forest,
          infiniplex_forest_clump_large, infiniplex_forest_lined_room_2,
          infiniplex_forest_straight_2, infiniplex_forest_lined_3_way,
          infiniplex_forest_corner_1, infiniplex_forest_split,
          hellmonk_ecumenical_altar_inner_sanctum, nicolae_titane
D:2:      cheibrodos_greedy_goblins, layout_loops_corners, nrook_campfire,
          chequers_serial_rivers_room_a
D:3:      layout_rooms, lemuel_coloured_pillars_altar, serial_shops,
          shop_fountains, uniq_robin, uniq_grinder
D:4:      layout_basic, elyvilon_altar_5, nemelex_spade_bored_becter,
          ebering_ghost_gozag, minmay_quadrilaterals
D:5:      layout_loops_ring, kiku_gazebo_pond_becter,
          nicolae_ossuary_entry_catacombs
D:6:      layout_basic, minmay_temple_entry_from_below_a
D:7:      layout_basic, nicolae_qazlal_general_emergency, pf_just_have_faith,
          amethyst_overflow_temple_binary, kennysheep_generic_room_4

Skill      XL: |  1  2  3  4  5  6  7  8  9 |
---------------+----------------------------+-----
Spellcasting   | 4 5 6 8 |  8.1
Conjurations   | 4 5 6 8 |  8.1
Hexes          | 4 5 6 8 |  8.1
Summonings     | 4 5 6 8 |  8.1
Necromancy     | 4 5 6 8 |  8.1
Translocations | 4 5 6 8 |  8.1
Transmutations | 4 5 6 8 |  8.1
Fire Magic     | 4 5 6 8 |  8.1
Ice Magic      | 4 5 6 8 |  8.1
Air Magic      | 4 5 6 8 |  8.1
Earth Magic    | 4 5 6 8 |  8.1
Poison Magic   | 4 5 6 8 |  8.1
Fighting       | 2 4 |  4.3
Dodging        | 3 5 |  5.0
Short Blades   | |  0.8
Stealth        | |  1.5

Action                     |  1- 3 |  4- 6 |  7- 9 || total
---------------------------+-------+-------+-------++-------
  Melee: Unarmed           |     2 |       |       ||     2
         Dagger            |       |    36 |    10 ||    46
         Short sword       |       |       |     7 ||     7
         Punch             |       |       |     2 ||     2
   Cast: Sandblast         |    48 |    77 |    89 ||   214
         Stone Arrow       |       |     3 |    50 ||    53
         Petrify           |       |       |     1 ||     1
    Use: Potion            |     1 |       |     1 ||     2
         Scroll            |       |     4 |    10 ||    14
   Stab: Sleeping          |       |     1 |       ||     1
         Petrified         |       |       |     5 ||     5
 Armour: Robe              |     3 |       |       ||     3
         Leather armour    |    22 |    63 |    69 ||   154
  Dodge: Dodged            |    39 |    51 |    66 ||   156
  Block: Other             |       |       |     7 ||     7
         Reflection        |       |       |     2 ||     2

Table legend: (Time is in decaauts)
 A = Elapsed time spent in this place.
 B = Non-inter-level travel time spent in this place.
 C = Inter-level travel time spent in this place.
 D = Time resting spent in this place.
 E = Time spent auto-exploring this place.
 F = Levels seen in this place.
 G = Mean time per level.
                   A        B        C        D        E       F      G
               +--------+--------+--------+--------+--------+-----+--------+
         Total |   5781 |   5562 |    219 |    539 |   3779 |   8 |  722.6 |
       Dungeon |   5311 |   5092 |    219 |    330 |   3778 |   7 |  758.7 |
       Ossuary |    469 |    469 |      0 |    209 |      1 |   1 |  469.0 |
               +--------+--------+--------+--------+--------+-----+--------+

Top non-repeatable levels by time:
     D:2: 1149 daAuts
     D:4: 976 daAuts
     D:5: 906 daAuts
     D:3: 746 daAuts
     D:1: 713 daAuts
     D:6: 620 daAuts
 Ossuary: 469 daAuts
     D:7: 198 daAuts
